 Dungeon Sprint DCSS version 0.27.1 (webtiles) character file.

Game seed: 108868993334215127

8004 styxcanada the Imperceptible (level 11, -1/58 HPs)
             Began as a Spriggan Brigand on Aug 31, 2021.
             Was an Initiate of Gozag.
             Succumbed to a spriggan defender's poison
             ... in the Dungeon (Sprint IV: "Fedhas' Mad Dash").
             The game lasted 00:10:34 (1455 turns).

styxcanada the Imperceptible (Spriggan Brigand)     Turns: 1455, Time: 00:10:34

Health: -1/58      AC:  7    Str:  7    XL:     11   Next: 4%
Magic:  18/23      EV: 25    Int: 16    God:    Gozag
Gold:   1643       SH:  8    Dex: 20    Spells: 18/25 levels left

rFire    . . .     SeeInvis +   a - +2 dagger
rCold    . . .     Faith    .   r - +0 buckler "Goyrghis" {-Tele Will+++ Int+3}
rNeg     . . .     Spirit   .   b - +0 robe
rPois    .         Reflect  .   (helmet restricted)
rElec    .         Harm     .   c - +0 cloak
rCorr    .         Rampage  .   (gloves unavailable)
Will     ++++.     NoTele   +   (boots unavailable)
Stlth    +++++++++.             m - amulet of invisibility {+Inv}
HPRegen  0.19/turn              s - +4 ring of protection
MPRegen  0.18/turn              (no ring)

@: lethally poisoned (-1 -> -36), very slightly contaminated, very quick
A: very small, no large weapons, unfitting armour, see invisible, speed 3
a: Renounce Religion, Evoke Invisibility, Potion Petition, Call Merchant, Bribe
Branch


You were in the Dungeon.
You worshipped Gozag.
Gozag was most pleased with you.
You visited 1 branch You collected 2464 gold pieces.
You spent 821 gold pieces at shops.

Inventory:

Hand Weapons
 a - a +2 dagger (weapon)
Missiles
 d - 7 poisoned darts
 e - 2 curare-tipped darts (quivered)
 l - 60 stones
Armour
 b - a +0 robe (worn)
 c - a +0 cloak (worn)
 o - the -1 buckler of Feasting {rF+ rC- rN+ Int+2}
   (You found it in the Dungeon)

   Int:       It affects your intelligence (+2).
   rF:        It protects you from fire.
   rC:        It makes you vulnerable to cold.
   rN:        It protects you from negative energy.
 r - the +0 buckler "Goyrghis" (worn) {-Tele Will+++ Int+3}
   (You bought it in a shop in the Dungeon)

   Int:       It affects your intelligence (+3).
   -Tele:     It prevents most forms of teleportation.
   Will:      It greatly increases your willpower.
Jewellery
 m - the amulet of invisibility (around neck) {+Inv}
   (You found it in the Dungeon)

   [amulet of nothing]

   +Inv:      It lets you turn invisible.
 s - a +4 ring of protection (left hand)
Scrolls
 k - a scroll of blinking
 n - a scroll of identify {unknown}
 p - a scroll of enchant weapon {unknown}
Potions
 h - a potion of haste
 i - 2 potions of magic
 j - a potion of berserk rage
 t - a potion of degeneration {unknown}


   Skills:
 * Level 6.6 Fighting
 + Level 5.7 Short Blades
 + Level 5.4 Throwing
 * Level 10.4 Dodging
 * Level 22.7 Stealth
 * Level 5.0 Shields
 * Level 7.7 Spellcasting
 * Level 3.9 Conjurations
 * Level 4.2 Ice Magic
 * Level 5.6 Air Magic
 * Level 6.3 Poison Magic
 * Level 11.6 Evocations


You had 18 spell levels left.
You knew the following spells:

 Your Spells              Type           Power      Damage    Failure   Level
a - Poisonous Vapours     Pois/Air       50%        N/A       1%          2
b - Freezing Cloud        Conj/Ice/Air   10%        6-21      50%         5

Your spell library contained the following spells:

 Spells                   Type           Power      Damage    Failure   Level
 Freeze                   Ice            76%        1d9       2%          1
 Corpse Rot               Necr/Air       N/A        N/A       6%          2
 Frozen Ramparts          Ice            38%        1d5       7%          3
 Hailstorm                Conj/Ice       19%        3d6       24%         4


Dungeon Overview and Level Annotations

Branches:
Dungeon (1/1)

Altars:
Cheibriados
Dithmenos
Elyvilon
Gozag
Hepliaklqana
Kikubaaqudgha
Makhleb
Nemelex Xobeh
Okawaru
Qazlal
Ru
Sif Muna
Trog
Uskayaw
Vehumet
Wu Jian
Xom
Yredelemnul
Zin
The Shining One
Beogh
Jiyva
Lugonu

Shops:
D [:([![((


Innate Abilities, Weirdness & Mutations

You are very small and have problems with some larger weapons.
You are too small for most types of armour.
You have supernaturally acute eyesight. (SInv)
You cover ground extremely quickly. (Speed+++)


Message History

The spriggan defender hits you with a +0 demon whip of venom!
* * * LOW HITPOINT WARNING * * *
Things that are here:
a +2 quarterstaff of speed; a +0 robe You flicker back into view.
You cannot blink because you are wearing the +0 buckler "Goyrghis" {-Tele Will+++ Int+3}.
There is an open door here.
You cannot blink because you are wearing the +0 buckler "Goyrghis" {-Tele Will+++ Int+3}.
Casting: Poisonous Vapours (safe; 1% risk of failure)
Confirm with . or Enter, or press ? or * to list all spells.
Aiming: Poisonous Vapours (safe; 1% risk of failure)
Press: ? - help, Dir - move target, f/p - spriggan defender
Aim: a spriggan defender, wielding a +0 demon whip of venom, wearing a +0 robe and wearing a +0 buckler (lightly wounded, poisoned) Poisonous vapours surround the spriggan defender!
The spriggan defender looks even sicker.
The spriggan defender hits you with a +0 demon whip of venom.
* * * LOW HITPOINT WARNING * * *
You are lethally poisoned!
You feel much better.
You feel very sick.
You block the spriggan defender's attack.
You feel much better.
You feel sick.
The spriggan defender hits you with a +0 demon whip of venom!
You are lethally poisoned!
You block the spriggan defender's attack.
Casting: Poisonous Vapours (safe; 1% risk of failure)
Confirm with . or Enter, or press ? or * to list all spells.
Aiming: Poisonous Vapours (safe; 1% risk of failure)
Press: ? - help, Dir - move target, f/p - spriggan defender
Aim: a spriggan defender, wielding a +0 demon whip of venom, wearing a +0 robe and wearing a +0 buckler (lightly wounded, very poisoned) Poisonous vapours surround the spriggan defender!
The spriggan defender looks as sick as possible!
You feel extremely sick.
You block the spriggan defender's attack.
You feel better. The spriggan defender misses you.
The spriggan defender hits you with a +0 demon whip of venom!!
* * * LOW HITPOINT WARNING * * *
You are lethally poisoned!
You die...
Your body crumbles into a pile of gold.

#<...#†....#.....#.⌠._._._
#PP..'.....'.#.).'.._._._.
#PPPP#.....#.#...#..._._._
###############'##.._._._.
#...♣........'...#._._._._
#......♣.....#...#########
#.....♣..♣..######♣♣♣♣♣..♣
##'####'######.['......♣..
#).#....'@.i....#♣..♣♣♣.♣)
#..#..###.......#.♣♣.)♣...
####### ##################
## ... ..#


You could see a spriggan defender (extremely poisoned).

Vanquished Creatures
  Agnes (D)
  A spriggan berserker (D)
  A spriggan druid (D)
  6 oklob plants (D)
  A demonic crawler (D)
  A queen bee (D)
  3 burning bushes (D)
  3 wandering mushrooms (D)
  A hornet (D)
  3 scorpions (D)
  4 killer bees (D)
  5 oklob saplings (D)
  5 spriggans (D)
  A river rat (D)
  A rat (D)
  A ballistomycete spore (D)
38 creatures vanquished.

Vanquished Creatures (others)
  A fungus (D)
1 creature vanquished.

Grand Total: 39 creatures vanquished

Notes
Turn   | Place    | Note
-------+----------+-------------------------------------------
     0 | D        | styxcanada the Spriggan Brigand began the quest for the
                  | Orb.
     0 | D        | Reached XP level 1. HP: 10/10 MP: 2/2
    13 | D        | Reached skill level 6 in Stealth
    22 | D        | Reached skill level 7 in Stealth
    22 | D        | Reached XP level 2. HP: 9/15 MP: 3/3
   136 | D        | Noticed an oklob sapling
   138 | D        | Killed an oklob sapling
   139 | D        | Reached skill level 9 in Stealth
   139 | D        | Reached XP level 3. HP: 18/18 MP: 4/4
   140 | D        | Noticed a scorpion
   140 | D        | Found the amulet of invisibility {+Inv}
   142 | D        | Killed a scorpion
   143 | D        | Reached skill level 11 in Stealth
   143 | D        | Reached XP level 4. HP: 23/23 MP: 5/5
   262 | D        | Found an opulent altar of Gozag.
   262 | D        | Found a hazy altar of Hepliaklqana.
   262 | D        | Found a burning altar of Makhleb.
   262 | D        | Found a sparkling altar of Nemelex Xobeh.
   262 | D        | Found a snail-covered altar of Cheibriados.
   262 | D        | Found a sacrificial altar of Ru.
   262 | D        | Found a shimmering blue altar of Sif Muna.
   262 | D        | Found a shimmering altar of Xom.
   262 | D        | Found a basalt altar of Yredelemnul.
   263 | D        | Found a viscous altar of Jiyva.
   263 | D        | Found a bloodstained altar of Trog.
   263 | D        | Found an ornate altar of the Wu Jian Council.
   264 | D        | Found an iron altar of Okawaru.
   264 | D        | Found a shadowy altar of Dithmenos.
   264 | D        | Found a glowing silver altar of Zin.
   265 | D        | Found an ancient bone altar of Kikubaaqudgha.
   265 | D        | Found a hide-covered altar of Uskayaw.
   266 | D        | Found a stormy altar of Qazlal.
   266 | D        | Found a white marble altar of Elyvilon.
   266 | D        | Found a glowing golden altar of the Shining One.
   267 | D        | Became a worshipper of Gozag Ym Sagoz the Greedy
   268 | D        | Found a corrupted altar of Lugonu.
   268 | D        | Found a radiant altar of Vehumet.
   272 | D        | Reached skill level 13 in Stealth
   272 | D        | Reached XP level 5. HP: 28/28 MP: 3/6
   284 | D        | Reached skill level 5 in Dodging
   321 | D        | Reached skill level 14 in Stealth
   330 | D        | Reached skill level 15 in Stealth
   330 | D        | Reached XP level 6. HP: 23/33 MP: 5/7
   363 | D        | Found Oroettub's Book Shop.
   363 | D        | Found Fytty's Antique Armour Emporium.
   427 | D        | Bought a book of Vapours for 336 gold pieces
   430 | D        | Learned a level 2 spell: Poisonous Vapours
   532 | D        | Noticed a burning bush
   532 | D        | Noticed a wandering mushroom
   533 | D        | Noticed a wandering mushroom
   536 | D        | Killed a burning bush
   537 | D        | Reached skill level 16 in Stealth
   537 | D        | Reached skill level 1 in Shields
   537 | D        | Reached skill level 1 in Air Magic
   537 | D        | Reached skill level 1 in Poison Magic
   537 | D        | Killed a wandering mushroom
   538 | D        | Reached skill level 17 in Stealth
   538 | D        | Reached skill level 5 in Evocations
   538 | D        | Reached XP level 7. HP: 38/38 MP: 5/12
   538 | D        | Killed a wandering mushroom
   553 | D        | Found Vasser's Antique Armour Emporium.
   553 | D        | Found Miasuomm's Distillery.
   558 | D        | Bought a potion of heal wounds for 70 gold pieces
   558 | D        | Bought a potion of berserk rage for 70 gold pieces
   558 | D        | Bought a potion of curing for 42 gold pieces
   558 | D        | Bought a potion of might for 56 gold pieces
   626 | D        | Reached skill level 18 in Stealth
   626 | D        | Reached XP level 8. HP: 42/42 MP: 11/14
   632 | D        | Noticed a queen bee
   639 | D        | Reached skill level 5 in Throwing
   646 | D        | Killed a queen bee
   721 | D        | Bought a translucent buckler for 247 gold pieces
   721 | D        | Identified the +0 buckler "Goyrghis" {-Tele Will+++ Int+3}
                  | (You bought it in a shop in the Dungeon)
   783 | D        | Learned a level 5 spell: Freezing Cloud
   784 | D        | Noticed an oklob plant
   787 | D        | Killed an oklob plant
   788 | D        | Reached skill level 5 in Fighting
   788 | D        | Reached skill level 19 in Stealth
   788 | D        | Reached skill level 1 in Conjurations
   788 | D        | Reached skill level 1 in Ice Magic
   800 | D        | Noticed a burning bush
   803 | D        | Killed a burning bush
   804 | D        | Reached XP level 9. HP: 47/47 MP: 15/17
   806 | D        | Identified the -1 buckler of Feasting {rF+ rC- rN+ Int+2}
   848 | D        | Noticed a burning bush
   848 | D        | Noticed an oklob plant
   849 | D        | Noticed a wandering mushroom
   850 | D        | Killed a burning bush
   851 | D        | Reached skill level 5 in Spellcasting
   855 | D        | Killed an oklob plant
   856 | D        | Reached skill level 5 in Short Blades
   856 | D        | Reached skill level 20 in Stealth
   859 | D        | Killed a wandering mushroom
   921 | D        | Noticed a spriggan druid
   923 | D        | Killed a spriggan druid
   999 | D        | Noticed an oklob plant conjurer
  1000 | D        | Killed an oklob plant conjurer
  1001 | D        | Reached skill level 21 in Stealth
  1090 | D        | Noticed an oklob plant
  1090 | D        | Noticed an oklob plant summoner
  1091 | D        | Noticed an oklob plant shifter
  1095 | D        | Killed an oklob plant
  1096 | D        | Reached skill level 5 in Poison Magic
  1096 | D        | Reached XP level 10. HP: 53/53 MP: 17/20
  1097 | D        | Killed an oklob plant summoner
  1098 | D        | Reached skill level 10 in Evocations
  1100 | D        | Killed an oklob plant shifter
  1239 | D        | Noticed a spriggan rider
  1240 | D        | Found Ihurusch's Antique Weapon Emporium.
  1353 | D        | Found Guren's Weapon Shoppe.
  1356 | D        | Killed a spriggan rider
  1357 | D        | Reached skill level 22 in Stealth
  1357 | D        | Reached skill level 5 in Air Magic
  1394 | D        | Noticed Agnes
  1396 | D        | Found Essygo's Weapon Emporium.
  1396 | D        | Noticed a spriggan berserker
  1398 | D        | Found Wothudef's Armour Shoppe.
  1400 | D        | Killed Agnes
  1401 | D        | Reached skill level 10 in Dodging
  1404 | D        | Killed a spriggan berserker
  1405 | D        | Reached skill level 5 in Shields
  1405 | D        | Reached XP level 11. HP: 58/58 MP: 20/23
  1411 | D        | Noticed a spriggan defender
  1455 | D        | Succumbed to a spriggan defender's poison

Illustrated notes

Levels and vault maps discovered:
D:        dungeon_sprint_fedhas [sprint_temple]

Skill      XL: |  1  2  3  4  5  6  7  8  9 10 |
---------------+-------------------------------+-----
Stealth        | 7 9 11 13 15 17 18 19 21 22 | 22.7
Dodging        | 2 3 4 5 6 7 8 9 10 | 10.4
Fighting       | 2 3 4 5 6 |  6.6
Throwing       | 3 4 5 |  5.4
Evocations     | 2 3 5 6 7 9 11 | 11.6
Short Blades   | 3 4 5 |  5.7
Shields        | 1 2 3 4 5 |  5.0
Spellcasting   | 2 3 4 6 7 |  7.7
Air Magic      | 2 3 4 5 |  5.6
Poison Magic   | 2 4 5 6 |  6.3
Conjurations   | 1 2 3 |  3.9
Ice Magic      | 1 2 4 |  4.2

Action                   |  1- 3 |  4- 6 |  7- 9 | 10-12 || total
-------------------------+-------+-------+-------+-------++-------
Melee: Dagger            |     6 |     9 |    21 |    31 ||    67
Throw: Dart              |    10 |       |       |       ||    10
 Cast: Poisonous Vapours |       |       |       |    10 ||    10
 Abil: Evoke Invisibilit |       |     3 |     6 |     2 ||    11
  Use: Potion            |       |       |       |     6 ||     6
 Stab: Sleeping          |     2 |     6 |    13 |     5 ||    26
       Distracted        |       |     1 |     1 |       ||     2
       Invisible         |       |       |     5 |       ||     5
Armor: Robe              |       |       |       |     4 ||     4
Dodge: Dodged            |     3 |     1 |     5 |    32 ||    41
Block: Buckler           |       |       |     1 |    16 ||    17
